 Dungeon Crawl Stone Soup version 0.28.0 (webtiles) character file.

Game seed: 3687653324789375597

35 Doggr the Grave Robber (level 3, -1/24 HPs)
             Began as a Demonspawn Necromancer on Feb 6, 2022.
             Was an Initiate of Hepliaklqana.
             Slain by a centaur skeleton (5 damage)
             ... on level 4 of the Dungeon on Feb 7, 2022.
             The game lasted 00:21:56 (1911 turns).

Doggr the Grave Robber (Demonspawn Necromancer)     Turns: 1911, Time: 00:21:59

Health: -1/24      AC:  2    Str: 10    XL:     3   Next: 16%
Magic:  4/6        EV: 12    Int: 18    God:    Hepliaklqana [......]
Gold:   18         SH:  0    Dex: 13    Spells: 1/6 levels left

rFire   . . .      SeeInvis .   f - +1 mace
rCold   . . .      Faith    .   (no shield)
rNeg    . . .      Spirit   .   a - +0 robe
rPois   .          Reflect  .   (no helmet)
rElec   .          Harm     .   (no cloak)
rCorr   .          Rampage  .   (no gloves)
Will    .....                   (no boots)
Stlth   ++........              (no amulet)
HPRegen 0.08/turn               (no ring)
MPRegen 0.10/turn               (no ring)

@: no status effects
A: big brain 1
a: Renounce Religion


You were on level 4 of the Dungeon.
You worshipped Hepliaklqana.
Hepliaklqana was noncommittal.
You visited 1 branch of the dungeon, and saw 4 of its levels.

You collected 18 gold pieces.

Inventory:

Hand Weapons
 b - a +0 whip
 c - a +0 short sword
 f - a +1 mace (weapon)
Armour
 a - a +0 robe (worn)
 e - a +0 ring mail
Scrolls
 g - a scroll of identify


   Skills:
 + Level 0.2 Maces & Flails
 + Level 1.8 Dodging
 + Level 2.0 Stealth
 + Level 2.4 Spellcasting
 + Level 5.0 Necromancy


You had one spell level left.
You knew the following spells:

 Your Spells              Type           Power      Damage    Failure   Level
a - Pain                  Necr           80%        1d8       2%          1
b - Animate Skeleton      Necr           40%        N/A       2%          1
c - Vampiric Draining     Necr           20%        2d7       6%          3

Your spell library contained the following spells:

 Spells                   Type           Power      Damage    Failure   Level
 Animate Dead             Necr           10%        N/A       22%         4
 Agony                    Necr           20%        N/A       52%         5


Dungeon Overview and Level Annotations

Branches:
Dungeon (4/15)
 Temple: D:4-7

Altars:
Hepliaklqana

Shops:
D:4 :


Innate Abilities, Weirdness & Mutations

You have an unusually large brain. (Int +2)


Message History

The centaur skeleton is heavily damaged.
Casting: Vampiric Draining (quite dangerous; 6% risk of failure)
Confirm with . or Enter, or press ? or * to list all spells.
The spell is quite dangerous to miscast (6% risk of failure)!
Continue anyway?
Aiming: Vampiric Draining (quite dangerous; 6% risk of failure)
Press: ? - help, Shift-Dir - straight line, f - quokka
Aim: a quokka You draw life force from the quokka.
You feel life coursing into your body. The quokka barely misses you.
The centaur skeleton barely misses you. The centaur skeleton kicks you.
A hobgoblin comes into view.
The quokka barely misses you.
You barely miss the quokka.
The quokka is heavily wounded.
The centaur skeleton hits you.
The centaur skeleton kicks you but does no damage.
The hobgoblin shouts!
The quokka bites you.
You hit the quokka.
The quokka is severely wounded.
The quokka bites you.
* * * LOW HITPOINT WARNING * * *
The centaur skeleton misses you. The centaur skeleton barely misses you.
Okay, then.
You feel better. The quokka barely misses you.
The centaur skeleton barely misses you. The centaur skeleton kicks you.
As you read the scroll labelled XIALLU NULEQ, it crumbles to dust.
It is a scroll of identify.
You don't have any unidentified items.
The quokka barely misses you. The centaur skeleton hits you.
* * * LOW HITPOINT WARNING * * *
The centaur skeleton closely misses you.
The quokka completely misses you.
You hit the quokka.
You kill the quokka!
The centaur skeleton hits you but does no damage.
The centaur skeleton kicks you.
* * * LOW HITPOINT WARNING * * *
The centaur skeleton hits you.
You die...

#............#
##.#....############
.)>................#
#####.#............#
#..∩.............#
#.#.#............#
#................#
##...........Z...#
#...........g@..#
#...............#
#...............#
#####...........#
#...........#
#############


You could see a hobgoblin and a centaur skeleton.

Vanquished Creatures
  3 ball pythons
  5 endoplasms
  A goblin (D:3)
  4 jackals (D:1)
  3 kobolds (D:1)
  2 quokkas
  2 rats (D:1)
20 creatures vanquished.

Vanquished Creatures (collateral kills)
  An adder (D:3)
  2 hobgoblins
3 creatures vanquished.

Grand Total: 23 creatures vanquished

Notes
Turn   | Place    | Note
-------+----------+-------------------------------------------
     0 | D:1      | Doggr the Demonspawn Necromancer began the quest for the
                  | Orb.
     0 | D:1      | Reached XP level 1. HP: 13/13 MP: 3/3
     2 | D:1      | Learned a level 1 spell: Animate Skeleton
   743 | D:1      | Gained mutation: You have an unusually large brain. (Int
                  | +2) [demonic ancestry]
   743 | D:1      | Reached XP level 2. HP: 17/19 MP: 1/5
  1680 | D:3      | Reached skill level 5 in Necromancy
  1680 | D:3      | Reached XP level 3. HP: 18/24 MP: 4/6
  1685 | D:3      | Learned a level 3 spell: Vampiric Draining
  1875 | D:4      | Found a hazy altar of Hepliaklqana.
  1883 | D:4      | Became a worshipper of Hepliaklqana the Forgotten
  1887 | D:4      | Found Duatoum's Book Boutique.
  1911 | D:4      | Slain by a centaur skeleton

Illustrated notes

Levels and vault maps discovered:
D:1:      dpeg_arrival_pits, layout_basic, chequers_mini_garden
D:2:      layout_basic, basic_altar, hellmonk_ecumenical_altar_crossroads,
          uniq_jessica, uniq_crazy_yiuf_cottage
D:3:      layout_basic, minmay_liquid_box, minmay_misc_feat_enclosed, hex_tiny,
          uniq_terence
D:4:      layout_basic, old_standard_altar, temple_statues, serial_shops,
          nicolae_shop_crystal

Skill      XL: |  1  2 |
---------------+-------+-----
Stealth        | 2 |  2.0
Necromancy     | 5 |  5.0
Maces & Flails | |  0.2
Dodging        | |  1.8
Spellcasting   | |  2.4

Action                   || total
-------------------------++-------
Melee: Unarmed           ||    11
       Whip              ||    29
       Short sword       ||    11
       Mace              ||    12
 Cast: Pain              ||    20
       Animate Skeleton  ||     6
       Vampiric Draining ||     2
  Use: Potion            ||     2
       Scroll            ||     2
 Stab: Sleeping          ||     2
Armor: Robe              ||    19
Dodge: Dodged            ||    70
